← All builds
Front / Armada / Economy first / OBSERVED BUILD

Gauntlet defence

Front builds a Gauntlet by around 5:30, well before the norm, to anchor a defensive line at middle while the economy develops, backing it later with Rattlesnake and more Gauntlets.

#defence #artillery · 84 distinct matches · 44 players · 6% of Armada Front games · team won 56% of 86 · Recently observed

THE CATCH, AND WHAT COMES WITH IT
  • GauntletEarly defence from 5:31 · 8% of role by thenOnly 8% of Front games have it by then; others who build it get it around 11:14

Where those units first fight, in 72 games with kill data: in the middle 100%.

Those units destroy a typical 620 metal of enemy units by 15:00.

Then transitions into rocketeer (12% of army), blitz (12% of army), Rattlesnake (9% of army).

HOW TO PLAY IT

Key timing: Gauntlet by 5:34

  1. Open double mex and wind into a Vehicle Plant for the usual eco-first start.
  2. Add Beamer and defensive turf like Dragon's Teeth while eco grows.
  3. Commit early to a Gauntlet well ahead of the normal timing.
  4. Bring Rattlesnake into the mix to hold the defensive line at middle.
  5. Transition into T2 constructor once the line is anchored.

Phase by phase

TYPICAL OF ITS 84 GAMES · AGAINST STANDARD FRONT
  1. 1
  2. 2
  3. 3
PLAY THE OPENING

Follow the example game's first 6:32 step by step: what to build now, what comes next, and where it goes. At 1× it keeps pace with your own game.

  1. 1

    Up to the Bot Lab

    Economy
    • Metal Extractor2Mex
    • Wind Turbine1Wind
    Order
    1. Bot LabBot Lab after 3 mex, 1 winddone ~0:45, middle half 0:39–0:55

    Some games also: Vehicle Plant (41%)

    By 0:28 in all: 2 mex · 1 wind

    The example game in this phase · 2 steps
    1. Mex ×3
    2. Vehicle PlantVehicle Plantdone 0:47 · typical 0:47
  2. 2

    Bot Lab to Early defence

    Economy
    • Metal Extractor4Mex
    • Wind Turbine4Wind−2 vs standard
    Order
    1. GauntletEarly defence after 6 mex, 7 wind, 1 con turretdone ~6:37, middle half 6:07–7:10
    Builders
    • Construction Bot2 Con bot +2 vs standard
    Army
    • Sentry2 Sentry
    • Rocketeer3 Rocketeer +3 vs standard

    Some games also: tick (49%) · con turret (48%) · Lazarus (45%) · centurion (42%) · Radar Tower (36%)

    The standard build makes here, this one skips: 2 con vehicle · 3 janus

    By 5:31 in all: 6 mex · 8 wind · 1 con turret

    The example game in this phase · 47 steps
    1. RoverScout
    2. Wind
    3. RoverScout
    4. Wind
    5. JanusJanus ×2
    6. Wind
    7. Construction VehicleCon vehicle ×2for Suicide front
    8. ShellshockerArty ×2
    9. Mex
    10. ShellshockerArty
    11. Mex
    12. Radar TowerRadar Tower
    13. ShellshockerArty
    14. Construction VehicleCon vehicle
    15. Mex
    16. WhistlerMissile truck
    17. Dragon's TeethDragon's Teeth ×4
    18. Wind
    19. WhistlerMissile truck
    20. Dragon's TeethDragon's Teeth ×3
    21. WhistlerMissile truck
    22. Wind
    23. WhistlerMissile truck ×2
    24. Wind
    25. WhistlerMissile truck
    26. Wind
    27. WhistlerMissile truck
    28. Dragon's TeethDragon's Teeth ×3
    29. WhistlerMissile truck
    30. Wind
    31. WhistlerMissile truck
    32. Wind
    33. WhistlerMissile truck
    34. SentrySentry
    35. Construction VehicleCon vehiclefor Suicide front
    36. Wind
    37. WhistlerMissile truck
    38. Dragon's TeethDragon's Teeth ×2
    39. Wind
    40. Dragon's TeethDragon's Teeth
    41. WhistlerMissile truck ×2
    42. Wind
    43. Advanced Metal ExtractorT2 mexdone 7:18 · typical 9:10
    44. WhistlerMissile truck
    45. SentrySentry
    46. Wind
    47. GauntletGauntletnot finished by 15:00 · typical 6:37
  3. 3

    Early defence to 10:00

    Economy
    • Metal Extractor1Mex
    • Wind Turbine17Wind
    Builders
    • Construction Turret2 Con turret

    Some games also: energy storage (50%) · Dragon's Teeth (47%) · Beamer (45%) · converter (40%) · Sentry (38%)

    The standard build makes here, this one skips: 2 blitz

    By 10:00 in all: 7 mex · 27 wind · 1 energy storage · 4 con turret

    The example game in this phase · 105 steps
    1. WhistlerMissile truck
    2. Mex
    3. RoverScout
    4. Construction VehicleCon vehicle
    5. BlitzBlitz
    6. Radar TowerRadar Tower
    7. Wind
    8. BlitzBlitz ×2
    9. Advanced Metal ExtractorT2 mex
    10. Construction VehicleCon vehicle
    11. Mex
    12. Energy storage
    13. Construction VehicleCon vehicle
    14. Advanced Metal ExtractorT2 mex
    15. BlitzBlitz
    16. Wind
    17. Con turret
    18. Construction VehicleCon vehicle
    19. BeamerBeamer
    20. Con turret
    21. BlitzBlitz ×2
    22. Sneaky PeteSneaky Pete
    23. BlitzBlitz ×3
    24. Wind
    25. BlitzBlitz ×2
    26. Wind ×2
    27. Advanced Metal ExtractorT2 mex
    28. Wind
    29. BeamerBeamer
    30. BlitzBlitz
    31. Wind ×5
    32. BlitzBlitz
    33. Energy storage
    34. BlitzBlitz
    35. Wind ×2
    36. BlitzBlitz
    37. Wind
    38. BlitzBlitz
    39. Wind
    40. BlitzBlitz
    41. Wind ×2
    42. BlitzBlitz
    43. Wind
    44. BlitzBlitz
    45. Wind
    46. BlitzBlitz
    47. Wind ×2
    48. Advanced Metal ExtractorT2 mex
    49. BlitzBlitz
    50. Wind
    51. BlitzBlitz
    52. Wind ×2
    53. BlitzBlitz
    54. Wind
    55. BlitzBlitz
    56. Wind
    57. BlitzBlitz
    58. Wind ×2
    59. BlitzBlitz
    60. Wind ×3
    61. BlitzBlitz
    62. Wind
    63. BlitzBlitz
    64. Wind
    65. Con turret
    66. BlitzBlitz
    67. Wind
    68. RattlesnakeRattlesnakedone 13:58
    69. Con turret
    70. Wind
    71. BlitzBlitz
    72. Advanced Vehicle PlantAdvanced Vehicle Plantdone 13:04
    73. BlitzBlitz
    74. Wind
    75. BlitzBlitz ×2
    76. Wind ×2
    77. BlitzBlitz
    78. Wind ×2
    79. BlitzBlitz
    80. Wind ×2
    81. BlitzBlitz
    82. Wind
    83. BlitzBlitz
    84. Wind ×2
    85. BlitzBlitz
    86. ShredderShredderdone 14:05
    87. Wind
    88. BlitzBlitz
    89. Wind ×2
    90. BlitzBlitz
    91. JaguarJaguar
    92. BlitzBlitz
    93. Wind
    94. Advanced Metal ExtractorT2 mex
    95. JaguarJaguar
    96. BlitzBlitz
    97. JaguarJaguar
    98. BlitzBlitz
    99. Advanced Construction VehicleT2 con vehicle
    100. BlitzBlitz
    101. ConsulConsul
    102. BlitzBlitz
    103. Energy storage
    104. ConsulConsul
    105. Fusion ReactorFusionnot finished by 15:00

Counts are medians over the build's games: half of them build more, half fewer. The example game is Kcorp's (50 OS, 01/09/2026); pick another.

Team trades

IN AT LEAST 30% OF ITS GAMES

You hand over

Nothing regular.

You get

  • Tidal Generator4 Tidal from Pondfirst at 0:19 · in 79% of games
  • Advanced Construction Bot1 T2 con bot from Geo or Techfirst at 7:23 · in 63% of games

How it plays out

Typical game of this build against the role’s standard build, running totals by minute

  • This build
  • Standard front

Metal produced

010k20k30k
0:005:0010:0015:00

metal

Enemy metal destroyed

05k10k
0:005:0010:0015:00

metal

Own metal lost

05k10k
0:005:0010:0015:00

metal

86 games.

Show as table
ByMetal produced: This buildMetal produced: Standard frontEnemy metal destroyed: This buildEnemy metal destroyed: Standard frontOwn metal lost: This buildOwn metal lost: Standard front
1:003333330000
2:0086284629213131
3:0016571624127140109105
4:0027052712435540302333
5:00387938688501188593813
6:00509650761444209910881526
7:00633763141987298417222459
8:00762976622705387122953365
9:00906090873544463228574312
10:0010927106663958530833545060
11:0013153126084497581943315701
12:0015864148155115631355116521
13:0018984174405686698165067256
14:0022200201836548758475798093
15:0025798226307050839486268939
WHAT THE NUMBERS SAY

Won less often than the standard build and destroyed noticeably less enemy metal, despite pulling ahead in metal produced by 15:00.

  • + Metal produced by 15:00 clearly ahead (23942 vs 22219)
  • + Own metal lost by 15:00 about even (8933 vs 8949)
  • − Team win rate below standard (51% vs 61%)
  • − Enemy metal destroyed by 15:00 well behind (6999 vs 8347)
THE EXAMPLE YOU ARE READING

Kcorp

50.3 OS · 01/09/2026

Open source match ↗

2 received units · includes a constructor
712 metal received · 131354 energy received

Allied construction assistance is unknown. Timings are observations, not a promise of solo reproducibility.

Typical milestones

Bot Lab0:45Middle 50%: 0:39–0:55 · n=57
Vehicle Plant0:47Middle 50%: 0:41–1:00 · n=54
Gauntlet6:37Middle 50%: 6:07–7:10 · n=72
Advanced Metal Extractor9:10Middle 50%: 8:15–10:41 · n=69

Played most by

Leohvm12games of this buildDRM7games of this buildCentientWaffle4games of this buildGodmother134games of this buildarmjanus3games of this build